 Dungeon Crawl Stone Soup version 0.22-a0-252-gcace5d2 (webtiles) character file.

877 Calypsia the Conjurer (level 7, -5/50 HPs)
             Began as a Green Draconian Conjurer on Mar 2, 2018.
             Slain by an ice beast (14 damage)
             ... on level 4 of the Dungeon.
             The game lasted 00:06:57 (5629 turns).

Calypsia the Conjurer (Green Draconian Conjurer)    Turns: 5629, Time: 00:06:57

Health: -5/50      AC:  7    Str: 11    XL:     7   Next: 75%
Magic:  7/13       EV: 12    Int: 17    God:
Gold:   176        SH:  0    Dex: 11    Spells: 9/14 levels left

rFire    . . .     SeeInvis +   d - +2 short sword (protect)
rCold    . . .     Gourm    .   (no shield)
rNeg     . . .     Faith    .   (armour unavailable)
rPois    +         Spirit   .   (helmet restricted)
rElec    .         Reflect  .   m - +0 cloak
rCorr    .         Harm     .   (no gloves)
MR       .....                  (no boots)
Stlth    ++........             (no amulet)
HPRegen  0.16/turn              t - ring of stealth
MPRegen  0.13/turn              e - ring of see invisible

@: confused, marked, slowed, very slow
A: breathe noxious fumes, unfitting armour, poison resistance, cold-blooded, AC
+6
a: Breathe Noxious Fumes


You were on level 4 of the Dungeon.
You were hungry.

You visited 1 branch of the dungeon, and saw 5 of its levels.

You collected 176 gold pieces.

Inventory:

Hand Weapons
 d - a +2 short sword of protection (weapon)
Armour
 c - a +0 shield
 m - a +0 cloak (worn)
Jewellery
 a - an uncursed ring of protection from magic
 e - a ring of see invisible (right hand)
 f - an uncursed ring of flight
 t - a ring of stealth (left hand)
Wands
 r - a wand of polymorph (10)
Scrolls
 n - 2 scrolls of identify
 o - a scroll of fog
Potions
 h - a potion of agility {unknown}
 j - a potion of ambrosia
 k - 2 potions of heal wounds {unknown}
 l - 2 potions of flight {unknown}
 p - a potion of magic {unknown}
 q - a potion of mutation {unknown}
 s - a potion of invisibility {unknown}
Comestibles
 b - 11 rations


   Skills:
 - Level 1.7 Dodging
 - Level 1.7 Stealth
 + Level 4.0 Shields
 + Level 4.4 Spellcasting
 * Level 7.5 Conjurations


You had 9 spell levels left.
You knew the following spells:

 Your Spells              Type           Power        Failure   Level  Hunger
a - Magic Dart            Conj           ####         1%          1    None
b - Iskenderun's Mystic   Conj           ####....     7%          4    ####...


Dungeon Overview and Level Annotations

Branches:
Dungeon (5/15)
 Temple: D:4-7

Altars:
Elyvilon
Fedhas
Makhleb
Okawaru
Qazlal
Ru
Xom
Zin


Innate Abilities, Weirdness & Mutations

You can breathe blasts of noxious fumes.
Your lurid green scales are hard. (AC +6)
You cannot fit into any form of body armour.
Your system is resistant to poisons. (rPois)
You are cold-blooded and may be slowed by cold attacks.


Message History

The crimson imp hits you but does no damage.
The centaur shoots an arrow.
The arrow closely misses you.
The crimson imp blinks!
You see here an arrow.
You hear the slow rusting of a very distant drain.
The centaur shoots an arrow.
The arrow hits you.
You see here an arrow.
There is a stone staircase leading up here.
The ice beast hits you. The ice beast freezes you!
You feel yourself slow down.
* * * LOW HITPOINT WARNING * * *
You climb upwards.
You feel yourself speed up.
There is a stone staircase leading down here.
Okay, then.
It was a potion of ambrosia.
You are confused.
You feel invigorated. The ice beast hits you.
* * * LOW HITPOINT WARNING * * *
The ice beast freezes you!
You feel yourself slow down.
You die...

....#..........#'#....# #.# #.# #
...##..........#.#....# #.###.###
.####..........#.#....###......[.
...............#.#####...........
.............#.#.................
....#........#.#.................
....#........#...................
.>..#........##..................
....#######.....@...............)
....# #.####.Y...............
##### #.# #................. .#
#.................
.....##........... .###.#
###+###### . .. ## .##


You could see an ice beast.

Vanquished Creatures
  Grinder (D:4)
  The ghost of Query42 the Sneak, an amateur OpTm (D:3)
  A big kobold (D:3)
  A water moccasin skeleton (D:2)
  A centaur zombie (D:5)
  A centaur skeleton (D:4)
  An orc priest (D:4)
  An iguana (D:4)
  An orc wizard (D:4)
  3 worker ants (D:4)
  8 gnolls
  9 adders
  A shadow imp (D:3)
  2 oozes (D:1)
  An adder skeleton (D:4)
  2 dart slugs (D:1)
  5 leopard geckos
  6 orcs
  2 giant cockroaches
  7 goblins
  3 hobgoblins
  7 jackals (D:4)
  3 quokkas
  A ball python (D:2)
  6 bats
  2 frilled lizards
  5 kobolds
  2 leopard gecko skeletons (D:4)
  3 rats
87 creatures vanquished.

Notes
Turn   | Place    | Note
-------+----------+-------------------------------------------
     0 | D:1      | Calypsia the Draconian Conjurer began the quest for the Orb.
     0 | D:1      | Reached XP level 1. HP: 14/14 MP: 3/3
   472 | D:1      | Reached XP level 2. HP: 20/20 MP: 3/5
  1444 | D:2      | Reached XP level 3. HP: 26/26 MP: 4/6
  1659 | D:2      | Reached skill level 1 in Shields
  1847 | D:2      | Found a white marble altar of Elyvilon.
  2104 | D:2      | Reached skill level 5 in Conjurations
  2104 | D:2      | Reached XP level 4. HP: 27/33 MP: 1/8
  2541 | D:2      | Reached XP level 5. HP: 27/38 MP: 2/9
  2814 | D:2      | Found an iron altar of Okawaru.
  3058 | D:3      | Noticed Query42's ghost (amateur OpTm)
  3067 | D:3      | Killed Query42's ghost
  3067 | D:3      | Reached skill level 6 in Conjurations
  3067 | D:3      | Reached XP level 6. HP: 43/45 MP: 2/11
  3278 | D:3      | Found a sacrificial altar of Ru.
  3318 | D:3      | Found a glowing silver altar of Zin.
  3319 | D:3      | Noticed an angel
  3364 | D:3      | Found a shimmering altar of Xom.
  4287 | D:4      | Found a stormy altar of Qazlal.
  4287 | D:4      | Noticed an air elemental
  4291 | D:4      | Noticed a water elemental
  4291 | D:4      | Noticed a fire elemental
  4518 | D:4      | Found a blossoming altar of Fedhas.
  4615 | D:4      | Your scales start taking on a lurid green colour.
  4615 | D:4      | Reached XP level 7. HP: 50/50 MP: 4/12
  4615 | D:4      | Gained mutation: Your system is resistant to poisons. (rPois) [Green Draconian growth]
  4908 | D:4      | Noticed Grinder
  4919 | D:4      | Paralysed by Grinder for 7 turns
  4931 | D:4      | Killed Grinder
  4931 | D:4      | Reached skill level 7 in Conjurations
  5323 | D:4      | Found a burning altar of Makhleb.
  5573 | D:5      | Entered Level 5 of the Dungeon
  5588 | D:5      | Learned a level 4 spell: Iskenderun's Mystic Blast
  5629 | D:4      | Slain by an ice beast

Vault maps used:
D:1:      lemuel_arrival_river_ford
D:2:      elyvilon_altar_1, lemuel_coloured_pillars_altar, first_ration
D:3:      grunt_temple_overflow_order_and_chaos_1, old_standard_altar
D:4:      old_standard_altar, nicolae_qazlal_style_of_elements,
          lemuel_doored_altar, due_unseen_surprise, uniq_grinder
D:5:      cheibrodos_sewer_entry_bend

Skill      XL: |  1  2  3  4  5  6  7 |
---------------+----------------------+-----
Shields        | 1 2 3 4 |  4.0
Conjurations   | 5 6 7 |  7.5
Spellcasting   | 3 4 |  4.4
Dodging        | |  1.7
Stealth        | |  1.7

Action                   |  1- 3 |  4- 6 |  7- 9 || total
-------------------------+-------+-------+-------++-------
Melee: Unarmed           |    15 |    12 |     3 ||    30
       Tailslap          |     3 |     1 |       ||     4
 Cast: Magic Dart        |    63 |   147 |    69 ||   279
 Abil: Breathe Noxious F |       |       |     3 ||     3
  Use: Scroll            |       |       |     5 ||     5
       Potion            |       |       |     1 ||     1
 Stab: Sleeping          |     1 |       |       ||     1
       Confused          |       |       |     1 ||     1
  Eat: Chunk             |     4 |     8 |     3 ||    15
Armor: Skin              |     4 |    16 |    13 ||    33
Dodge: Dodged            |    10 |    40 |    19 ||    69

Table legend:
 A = Spawn XP
 B = Non-spawn XP
 C = Spawn XP percentage of total XP
 D = Spawn monster count
 E = Non-spawn monster count
 F = Spawn count percentage of total count
 G = Total turns spent on level
                    A         B        C        D         E        F      G
               +---------+---------+-------+---------+---------+-------+---------
         Total |       0 |    1254 |   0.0 |       0 |      87 |   0.0 |  5629
               +---------+---------+-------+---------+---------+-------+---------
           D:1 |       0 |      69 |   0.0 |       0 |      17 |   0.0 |  1741
           D:2 |       0 |     166 |   0.0 |       0 |      20 |   0.0 |  1131
           D:3 |       0 |     349 |   0.0 |       0 |      16 |   0.0 |  1230
           D:4 |       0 |     607 |   0.0 |       0 |      31 |   0.0 |  1472
           D:5 |       0 |      63 |   0.0 |       0 |       3 |   0.0 |    55
               +---------+---------+-------+---------+---------+-------+---------
